 Dungeon Crawl Stone Soup version 0.25-a0-105-g2289b3b9f1 (webtiles) character file.

Game seed: 8692145535739080182, levelgen mode: deterministic

333 mortelune the Chopper (level 6, -6/48 HPs)
             Began as a Demonspawn Wanderer on Nov 16, 2019.
             Killed by divine providence
             ... invoked by an orc priest
              (13 damage)
             ... on level 4 of the Dungeon.
             The game lasted 00:07:14 (2823 turns).

mortelune the Chopper (Demonspawn Wanderer)         Turns: 2823, Time: 00:07:15

Health: -6/48      AC:  8    Str: 17    XL:     6   Next: 27%
Magic:  0/6        EV:  6    Int: 14    God:
Gold:   115        SH:  3    Dex: 13    Spells: 5/5 levels left

rFire    . . .     SeeInvis .   a - +2 hand axe
rCold    + . .     Gourm    .   k - +0 buckler
rNeg     . . .     Faith    .   j - +0 chain mail
rPois    .         Spirit   +   (no helmet)
rElec    .         Reflect  .   (no cloak)
rCorr    .         Harm     .   (no gloves)
MR       .....     Clarity  +   (no boots)
Stlth    ..........             (no amulet)
HPRegen  0.16/turn              (no ring)
MPRegen  0.20/turn              (no ring)

@: no status effects
A: claws 2, agile 1, clarity, cold resistance 1, strong 1, magic shield, magic
regeneration
a: no special abilities


You were on level 4 of the Dungeon.
You were not hungry.

You visited 1 branch of the dungeon, and saw 4 of its levels.

You collected 115 gold pieces.

Inventory:

Hand Weapons
 a - a +2 hand axe (weapon)
 b - a +0 hand crossbow
Missiles
 c - 21 bolts
Armour
 d - a +0 ring mail
 i - a +1 robe of the Archmagi
 j - a +0 chain mail (worn)
 k - a +0 buckler (worn)
Scrolls
 e - 2 scrolls of identify {unknown}
 g - 2 scrolls of remove curse {unknown}
Potions
 l - a potion of flight {unknown}
 o - a potion of might
 p - a potion of resistance
Comestibles
 f - 3 rations
 h - 11 chunks of flesh


   Skills:
 * Level 4.0 Fighting
   Level 1.0 Short Blades
 * Level 4.6 Axes
 - Level 1.0 Throwing
 + Level 2.6 Armour
 - Level 1.7 Dodging
 - Level 1.0 Stealth


You had 5 spell levels left.
You didn't know any spells.
Your spell library was empty.

Dungeon Overview and Level Annotations

Branches:
Dungeon (4/15)
 Temple: D:4-7

Altars:
Cheibriados
Fedhas
Qazlal

Annotations:
D:3 1 runed translucent door, lollipopguild's ghost, amateur MiFi


Innate Abilities, Weirdness & Mutations

You have very sharp fingernails.
Your flesh is cold resistant. (rC+)
When hurt, damage is shared between your health and your magic reserves.
You regenerate magic rapidly.
You are agile. (Dex +2)
You possess an exceptional clarity of mind.
Your muscles are strong. (Str +2)


Message History

The crimson imp blinks!
The crimson imp hits you but does no damage.
You slash the crimson imp!
The crimson imp is severely wounded.
An orc priest comes into view.
The crimson imp blinks!
The orc priest shouts!
The orc priest invokes the aid of Beogh against you.
Beogh smites you!
The orc priest looks satisfied for a moment.
An orc comes into view. It is wielding a -3 club.
Things that are here:
a +0 hand axe; an orc corpse The crimson imp blinks!
The orc priest calls down the wrath of Beogh upon you.
Beogh smites you!
* * * LOW HITPOINT WARNING * * *
The orc priest mumbles some strange prayers to Beogh against you.
Beogh smites you!
You die...

...o...5o...)5.# #.......
.####o....####o#
##....... ##...## #.#
##........ ##.## #.#
#......... #.# ##.#
#.#8#.#... #.# ##..#
#.#.#.#### ...###...##
####.#.#.#
..8........####....#.#.#
##...###...@##......#>#..
+#.#+ ##...........#_#
#.# ##..........### #.#
#.............
#.......#...##
#......#..###
.......#....
......##...... #####..
.#####


You could see an orc priest.

Vanquished Creatures
  2 orc priests (D:3)
  Jessica (D:3)
  An orc wizard (D:3)
  3 worker ants (D:4)
  A hound skeleton (D:4)
  6 adders
  An ooze (D:1)
  2 worms (D:3)
  2 dart slugs
  2 leopard geckos (D:3)
  3 orcs
  2 giant cockroaches (D:1)
  9 goblins
  10 hobgoblins
  8 jackals
  A ball python (D:3)
  4 bats
  4 frilled lizards
  4 kobolds
  8 rats
74 creatures vanquished.

Notes
Turn   | Place    | Note
-------+----------+-------------------------------------------
     0 | D:1      | mortelune the Demonspawn Wanderer began the quest for the
                  | Orb.
     0 | D:1      | mortelune set off with the following items: a +2 hand axe,
                  | a +0 hand crossbow, 21 bolts, a +0 ring mail, a ration
     0 | D:1      | Reached XP level 1. HP: 15/15 MP: 1/1
   136 | D:1      | Gained mutation: Your flesh is cold resistant. (rC+)
                  | [demonic ancestry]
   136 | D:1      | Reached XP level 2. HP: 21/21 MP: 2/2
   475 | D:1      | Found a snail-covered altar of Cheibriados.
   505 | D:1      | Gained mutation: When hurt, damage is shared between your
                  | health and your magic reserves. [demonic ancestry]
   505 | D:1      | Reached XP level 3. HP: 27/27 MP: 3/3
  1166 | D:2      | Noticed an ogre
  1539 | D:3      | Gained mutation: You regenerate magic rapidly. [demonic
                  | ancestry]
  1539 | D:3      | Reached XP level 4. HP: 30/34 MP: 2/4
  1628 | D:3      | Gained mutation: You have sharp fingernails. [demonic
                  | ancestry]
  1628 | D:3      | Reached XP level 5. HP: 16/41 MP: 2/5
  1640 | D:3      | Gained mutation: Your spells are a little easier to cast,
                  | but a little less powerful. [potion of mutation]
  1640 | D:3      | Gained mutation: You are frail. (-10% HP) [potion of
                  | mutation]
  1640 | D:3      | Gained mutation: You are agile. (Dex +2) [potion of
                  | mutation]
  2084 | D:3      | Found a stormy altar of Qazlal.
  2087 | D:3      | Noticed an air elemental
  2088 | D:3      | Noticed a water elemental
  2088 | D:3      | Noticed a fire elemental
  2191 | D:3      | Noticed Jessica
  2205 | D:3      | Killed Jessica
  2233 | D:3      | Lost mutation: You are frail. (-10% HP) [potion of
                  | mutation]
  2233 | D:3      | Lost mutation: Your spells are a little easier to cast, but
                  | a little less powerful. [potion of mutation]
  2233 | D:3      | Gained mutation: Your muscles are strong. (Str +2) [potion
                  | of mutation]
  2233 | D:3      | Gained mutation: You possess an exceptional clarity of
                  | mind. [potion of mutation]
  2233 | D:3      | Gained mutation: You have very sharp fingernails. [potion
                  | of mutation]
  2306 | D:3      | Found a runed translucent door.
  2311 | D:3      | Noticed lollipopguild's ghost (amateur MiFi)
  2690 | D:4      | Reached XP level 6. HP: 47/48 MP: 6/6
  2724 | D:4      | Found a blossoming altar of Fedhas.
  2823 | D:4      | Killed from afar by an orc priest

Levels and vault maps discovered:
D:1:      nicolae_arrival_washed_ashore, layout_basic, grunt_decor_resistance,
          cheibriados_altar_1
D:2:      layout_rooms, bh_walls_and_bars
D:3:      layout_loops_ring, ebering_ghost_reflecting_pool,
          nicolae_qazlal_style_of_elements, uniq_jessica
D:4:      cheibrodos_barr_body, layout_cave_pods, lemuel_statue_altar

Skill      XL: |  1  2  3  4  5  6 |
---------------+-------------------+-----
Axes           | 3 4 |  4.6
Fighting       | 2 3 4 |  4.0
Armour         | 2 |  2.6
Short Blades   | |  1.0
Throwing       | |  1.0
Dodging        | |  1.7
Stealth        | |  1.0

Action                   |  1- 3 |  4- 6 || total
-------------------------+-------+-------++-------
Melee: Hand axe          |   112 |   149 ||   261
  Use: Potion            |       |     6 ||     6
       Scroll            |       |     3 ||     3
  Eat: Chunk             |     2 |     4 ||     6
Armor: Chain mail        |    47 |    76 ||   123
       Ring mail         |     4 |       ||     4
       Skin              |       |    10 ||    10
Dodge: Dodged            |    36 |    26 ||    62
Block: Buckler           |     9 |    19 ||    28

Table legend:
 A = Non-vault XP
 B = Vault XP
 C = Vault XP percentage of total XP
 D = Non-vault monster count
 E = Vault monster count
 F = Vault count percentage of total count
                 A         B        C        D         E       F
            +---------+---------+-------+---------+---------+-------
      Total |     440 |      37 |   7.8 |      73 |       1 |   1.4
            +---------+---------+-------+---------+---------+-------
        D:1 |      63 |       0 |   0.0 |      33 |       0 |   0.0
        D:2 |       8 |       0 |   0.0 |       5 |       0 |   0.0
        D:3 |     226 |      37 |  14.1 |      25 |       1 |   3.8
        D:4 |     143 |       0 |   0.0 |      10 |       0 |   0.0
            +---------+---------+-------+---------+---------+-------
